SAA
GLENDALE HERONS @ IRVING BLUE SOX
08/05/2021
 
TOP OF THE 1ST
Glendale Herons batting - Pitching for Irving Blue Sox : LHP Allen Yohemas
Pitching: LHP Allen Yohemas
Batting: RHB José Villegas 0-0: Swinging Strike
0-1: SINGLE (Line Drive, 7S)
Batting: RHB José Masaferro 0-0: Fielders Choice at 2nd, 6-4 (Groundball, 6M)
Batting: RHB Sake van Arem 0-0: Ball
1-0: Called Strike
1-1: Foul Ball, location: 2F
1-2: SINGLE (Groundball, 56)
José Masaferro to second
Batting: RHB Héctor Moreno 0-0: Foul Ball, location: 2F
0-1: Ball
1-1: Foul Ball, location: 2F
1-2: Strikes out looking
Batting: LHB Sixto Álvarez 0-0: Foul Ball, location: 2F
0-1: Ball
1-1: Ball
2-1: Ball
3-1: Fly out, F8 (Line Drive, 8LM)
Top of the 1st over - 0 run(s), 2 hit(s), 0 error(s), 2 left on base; Glendale 0 - Irving 0
BOTTOM OF THE 1ST
Irving Blue Sox batting - Pitching for Glendale Herons : RHP Alex Simmons
Pitching: RHP Alex Simmons
Batting: RHB Alfredo Chávez 0-0: SINGLE (Flyball, 7S)
Batting: RHB Dave Ash 0-0: SINGLE (Line Drive, 34D)
Alfredo Chávez to second
Runner from 2nd tries for 3rd, SAFE, throw made to third
Batting: RHB Stewart Ralston 0-0: Ball
1-0: Called Strike
1-1: Ball
2-1: Swinging Strike
2-2: Strikes out looking
Batting: RHB Júlio López 0-0: Ball
1-0: Grounds into double play, 5-4-3 (Groundball, 56)
Bottom of the 1st over - 0 run(s), 2 hit(s), 0 error(s), 1 left on base; Glendale 0 - Irving 0
TOP OF THE 2ND
Glendale Herons batting - Pitching for Irving Blue Sox : LHP Allen Yohemas
Batting: RHB Ángel Ruezga 0-0: Ball
1-0: Called Strike
1-1: Foul Ball, location: 2F
1-2: Ball
2-2: Foul Ball, location: 2F
2-2: Foul Ball, location: 2F
2-2: Foul Ball, location: 2F
2-2: Ball
3-2: Foul Ball, location: 2F
3-2: SINGLE (Line Drive, 6M)
Batting: LHB José Rodríguez 0-0: Ball
1-0: Called Strike
1-1: Ball
2-1: Foul Ball, location: 2F
2-2: Fly out, F7 (Line Drive, 7S)
Batting: SHB Wilbert Carter 0-0: Foul Ball, location: 2F
0-1: Foul Ball, location: 2F
0-2: Fly out, F7 (Flyball, 7M)
Batting: LHB Travis Alexander 0-0: Called Strike
0-1: Swinging Strike
0-2: Strikes out swinging
Top of the 2nd over - 0 run(s), 1 hit(s), 0 error(s), 1 left on base; Glendale 0 - Irving 0
BOTTOM OF THE 2ND
Irving Blue Sox batting - Pitching for Glendale Herons : RHP Alex Simmons
Batting: RHB Robert Jackson 0-0: Called Strike
0-1: Swinging Strike
0-2: Ball
1-2: Ball
2-2: Foul Ball, location: 2F
2-2: Ball
3-2: Base on Balls
Batting: RHB Stan Barnes 0-0: Ball
1-0: Swinging Strike
1-1: Ball
2-1: Foul Ball, location: 2F
2-2: Foul Ball, location: 2F
2-2: Ball
3-2: Foul Ball, location: 2F
3-2: DOUBLE (Groundball, 5L)
Robert Jackson to third
Runner from 3rd tries for Home, SAFE, no throw or cutoff
Batting: RHB Dennis Newell 0-0: Fly out, F8 (Flyball, 8RM)
Batting: RHB Dustin Johnstone 0-0: Ground out 5-3 (Groundball, 56)
Batting: RHB Jorge López 0-0: Swinging Strike
0-1: Swinging Strike
0-2: Strikes out swinging
Bottom of the 2nd over - 1 run(s), 1 hit(s), 0 error(s), 1 left on base; Glendale 0 - Irving 1
TOP OF THE 3RD
Glendale Herons batting - Pitching for Irving Blue Sox : LHP Allen Yohemas
Batting: RHB José Villegas 0-0: Called Strike
0-1: Called Strike
0-2: Ball
1-2: Strikes out swinging
Batting: RHB José Masaferro 0-0: Called Strike
0-1: Ball
1-1: Ball
2-1: Ball
3-1: Base on Balls
Batting: RHB Sake van Arem 0-0: Ball
1-0: Called Strike
1-1: Fielders Choice at 2nd, 6-4 (Groundball, 6)
Batting: RHB Héctor Moreno 0-0: Ball
1-0: Called Strike
1-1: Ball
2-1: Ball
3-1: Foul Ball, location: 2F
3-2: Base on Balls
Sake van Arem to second
Batting: LHB Sixto Álvarez 0-0: Ground out 5-3 (Groundball, 5L)
Top of the 3rd over - 0 run(s), 0 hit(s), 0 error(s), 2 left on base; Glendale 0 - Irving 1
BOTTOM OF THE 3RD
Irving Blue Sox batting - Pitching for Glendale Herons : RHP Alex Simmons
Batting: RHB Alfredo Chávez 0-0: Ball
1-0: Fly out, F5 (Popup, 5S)
Batting: RHB Dave Ash 0-0: Fly out, F2 (Popup, 2RF)
Batting: RHB Stewart Ralston 0-0: Ball
1-0: Ball
2-0: Ball
3-0: Swinging Strike
3-1: Called Strike
3-2: Foul Ball, location: 2F
3-2: Foul Ball, location: 2F
3-2: Ground out 6-3 (Groundball, 6)
Bottom of the 3rd over - 0 run(s), 0 hit(s), 0 error(s), 0 left on base; Glendale 0 - Irving 1
TOP OF THE 4TH
Glendale Herons batting - Pitching for Irving Blue Sox : LHP Allen Yohemas
Batting: RHB Ángel Ruezga 0-0: Ball
1-0: Fly out, F8 (Flyball, 8RS)
Batting: LHB José Rodríguez 0-0: Called Strike
0-1: Ground out 4-3 (Groundball, 34)
Batting: SHB Wilbert Carter 0-0: Ball
1-0: Ball
2-0: Called Strike
2-1: DOUBLE (Flyball, 7LM)
Batting: LHB Travis Alexander 0-0: Ball
1-0: Ball
2-0: Swinging Strike
2-1: Called Strike
2-2: Strikes out swinging
Top of the 4th over - 0 run(s), 1 hit(s), 0 error(s), 1 left on base; Glendale 0 - Irving 1
BOTTOM OF THE 4TH
Irving Blue Sox batting - Pitching for Glendale Herons : RHP Alex Simmons
Batting: RHB Júlio López 0-0: Ball
1-0: Called Strike
1-1: Ball
2-1: Ball
3-1: Ground out 5-3 (Groundball, 5)
Batting: RHB Robert Jackson 0-0: Called Strike
0-1: Ball
1-1: Foul Ball, location: 2F
1-2: Strikes out swinging
Batting: RHB Stan Barnes 0-0: Called Strike
0-1: SINGLE (Groundball, 34D) (infield hit)
Batting: RHB Dennis Newell 0-0: Called Strike
0-1: Ground out 6-3 (Groundball, 6)
Bottom of the 4th over - 0 run(s), 1 hit(s), 0 error(s), 1 left on base; Glendale 0 - Irving 1
TOP OF THE 5TH
Glendale Herons batting - Pitching for Irving Blue Sox : LHP Allen Yohemas
Batting: RHB José Villegas 0-0: Called Strike
0-1: Ball
1-1: Called Strike
1-2: Ball
2-2: Ball
3-2: Foul Ball, location: 2F
3-2: Ground out 5-3 (Groundball, 5S)
Batting: RHB José Masaferro 0-0: Swinging Strike
0-1: Swinging Strike
0-2: Strikes out looking
Batting: RHB Sake van Arem 0-0: Called Strike
0-1: Ball
1-1: Foul Ball, location: 2F
1-2: Ball
2-2: Strikes out swinging
Top of the 5th over - 0 run(s), 0 hit(s), 0 error(s), 0 left on base; Glendale 0 - Irving 1
BOTTOM OF THE 5TH
Irving Blue Sox batting - Pitching for Glendale Herons : RHP Alex Simmons
Batting: RHB Dustin Johnstone 0-0: Ball
1-0: Ball
2-0: Called Strike
2-1: Called Strike
2-2: SINGLE (Line Drive, 6M)
Batting: RHB Jorge López 0-0: Sac Bunt - play at first, batter OUT! 5-3
Dustin Johnstone to second
Batting: RHB Alfredo Chávez 0-0: Ball
1-0: Swinging Strike
1-1: Ball
2-1: Ball
3-1: Foul Ball, location: 2F
3-2: Strikes out swinging
Batting: RHB Dave Ash 0-0: Ball
1-0: Ball
2-0: Ball
3-0: Called Strike
3-1: Foul Ball, location: 2F
3-2: Hit by Pitch
Batting: RHB Stewart Ralston 0-0: Called Strike
0-1: Ball
1-1: Ball
2-1: Fly out, F9 (Popup, 4D)
Bottom of the 5th over - 0 run(s), 1 hit(s), 0 error(s), 2 left on base; Glendale 0 - Irving 1
TOP OF THE 6TH
Glendale Herons batting - Pitching for Irving Blue Sox : LHP Allen Yohemas
Batting: RHB Héctor Moreno 0-0: Ground out 1-3 (Groundball, 13)
Batting: LHB Sixto Álvarez 0-0: Ball
1-0: Ball
2-0: SINGLE (Line Drive, 7S)
Batting: RHB Ángel Ruezga 0-0: Fly out, F9 (Line Drive, 89M)
Batting: LHB José Rodríguez 0-0: Ball
1-0: Ball
2-0: Called Strike
2-1: Called Strike
2-2: Foul Ball, location: 2F
2-2: Foul Ball, location: 2F
2-2: Foul Ball, location: 2F
2-2: Ball
3-2: Foul Ball, location: 2F
3-2: Base on Balls
Sixto Álvarez to second
Batting: SHB Wilbert Carter 0-0: Foul Ball, location: 2F
0-1: Ball
1-1: Foul Ball, location: 2F
1-2: Ball
Wild Pitch!
Sixto Álvarez to third
José Rodríguez to second
2-2: Foul Ball, location: 2F
2-2: Foul Ball, location: 2F
2-2: Ground out 5-3 (Groundball, 5S)
Top of the 6th over - 0 run(s), 1 hit(s), 0 error(s), 2 left on base; Glendale 0 - Irving 1
BOTTOM OF THE 6TH
Irving Blue Sox batting - Pitching for Glendale Herons : RHP Alex Simmons
Batting: RHB Júlio López 0-0: Fly out, F9 (Line Drive, 89S)
Batting: RHB Robert Jackson 0-0: Called Strike
0-1: Ball
1-1: Ground out 6-3 (Groundball, 6)
Batting: RHB Stan Barnes Reached via error on a dropped throw, E3
Batting: RHB Dennis Newell 0-0: Ball
1-0: SINGLE (Line Drive, 78M)
Stan Barnes to second
Batting: RHB Dustin Johnstone 0-0: Fly out, F4 (Flyball, 8LS)
Bottom of the 6th over - 0 run(s), 1 hit(s), 1 error(s), 2 left on base; Glendale 0 - Irving 1
TOP OF THE 7TH
Glendale Herons batting - Pitching for Irving Blue Sox : LHP Allen Yohemas
Batting: LHB Travis Alexander 0-0: Called Strike
0-1: Ball
1-1: Swinging Strike
1-2: Strikes out swinging
Batting: RHB José Villegas 0-0: Swinging Strike
0-1: Foul Ball, location: 2F
0-2: Ball
1-2: Ball
2-2: Strikes out swinging
Batting: RHB José Masaferro 0-0: Called Strike
0-1: Fly out, F9 (Flyball, 9LS)
Top of the 7th over - 0 run(s), 0 hit(s), 0 error(s), 0 left on base; Glendale 0 - Irving 1
BOTTOM OF THE 7TH
Irving Blue Sox batting - Pitching for Glendale Herons : RHP Alex Simmons
Batting: RHB Jorge López 0-0: Called Strike
0-1: Swinging Strike
0-2: Ball
1-2: Foul Ball, location: 2F
1-2: Ground out 4-3 (Groundball, 4S)
Batting: RHB Alfredo Chávez 0-0: Ball
1-0: Fly out, F8 (Popup, 8LS)
Batting: RHB Dave Ash 0-0: Called Strike
0-1: Ball
1-1: Foul Ball, location: 2F
1-2: Strikes out swinging
Bottom of the 7th over - 0 run(s), 0 hit(s), 0 error(s), 0 left on base; Glendale 0 - Irving 1
TOP OF THE 8TH
Glendale Herons batting - Pitching for Irving Blue Sox : LHP Allen Yohemas
Batting: RHB Sake van Arem 0-0: Ball
1-0: Ball
2-0: Ground out 3-1 (Groundball, 34)
Batting: RHB Héctor Moreno 0-0: Ball
1-0: Ground out 4-3 (Groundball, 4)
Batting: LHB Sixto Álvarez 0-0: Called Strike
0-1: Swinging Strike
0-2: Strikes out looking
Top of the 8th over - 0 run(s), 0 hit(s), 0 error(s), 0 left on base; Glendale 0 - Irving 1
BOTTOM OF THE 8TH
Irving Blue Sox batting - Pitching for Glendale Herons : RHP Alex Simmons
Batting: RHB Stewart Ralston 0-0: Fly out, F8 (Flyball, 8LXD)
Batting: RHB Júlio López 0-0: Fly out, F3 (Popup, 34S)
Batting: RHB Robert Jackson 0-0: Ball
1-0: Ball
2-0: Ball
3-0: Base on Balls
Pinch Hitting: RHB Will Hunter 0-0: Called Strike
0-1: Foul Ball, location: 2F
0-2: Ball
1-2: Ball
2-2: Ball
3-2: Foul Ball, location: 2F
3-2: 2-RUN HOME RUN (Flyball, 7D), Distance : 416 ft
Batting: RHB Dennis Newell 0-0: Ball
1-0: Ball
2-0: Called Strike
2-1: Foul Ball, location: 2F
2-2: SINGLE (Line Drive, 8RM)
Batting: RHB Dustin Johnstone 0-0: Foul Ball, location: 2F
0-1: Ball
Dennis Newell is caught stealing 2nd base
Bottom of the 8th over - 2 run(s), 2 hit(s), 0 error(s), 0 left on base; Glendale 0 - Irving 3
TOP OF THE 9TH
Glendale Herons batting - Pitching for Irving Blue Sox : LHP Allen Yohemas
Now at 2B: Coy Poston
Batting: RHB Ángel Ruezga 0-0: Ball
1-0: SINGLE (Line Drive, 78S)
Pitching: RHP Domingo Álvarez
Batting: LHB José Rodríguez 0-0: Ball
1-0: Foul Ball, location: 2F
1-1: Ball
2-1: Called Strike
2-2: Ball
3-2: Strikes out looking
Batting: SHB Wilbert Carter 0-0: Foul Ball, location: 2F
0-1: Swinging Strike
0-2: Strikes out looking
Batting: LHB Travis Alexander 0-0: Swinging Strike
0-1: Ball
1-1: Ball
2-1: Foul Ball, location: 2F
2-2: Strikes out swinging
Top of the 9th over - 0 run(s), 1 hit(s), 0 error(s), 1 left on base; Glendale 0 - Irving 3
This league is powered by Out of the Park Baseball, the baseball management simulation game for PC, Mac and Linux
Friday, January 22nd, 2016 - OOTP Baseball 16.9 Build 39